 Dungeon Crawl Stone Soup version 0.21-a0-504-g2eda33064f (webtiles) character file.

109 Kaname the Conjurer (level 4, -3/45 HPs)
             Began as a Demonspawn Wizard on Nov 25, 2017.
             Blown up by Ijyb (7 damage)
             ... with a wand of disintegration (8)
             ... on level 3 of the Dungeon.
             The game lasted 00:07:23 (1871 turns).

Kaname the Conjurer (Demonspawn Wizard)             Turns: 1871, Time: 00:07:23

Health: -3/45      AC: 22    Str:  8    XL:     4   Next: 59%
Magic:  0/8        EV:  2    Int: 25    God:
Gold:   72         SH:  0    Dex: 11    Spells: 0/9 levels left

rFire    . . .     SeeInvis .   l - +4 quarterstaff (chaos)
rCold    . . .     Gourm    .   (shield currently unavailable)
rNeg     + + +     Faith    .   (armour currently unavailable)
rPois    +         Spirit   +   (helmet currently unavailable)
rElec    .         Reflect  .   (cloak currently unavailable)
rCorr    .         Harm     .   (gloves currently unavailable)
MR       .....     NoTele   +   (boots currently unavailable)
Stlth    ++........             (no amulet)
HPRegen  0.15/turn              (no ring)
MPRegen  0.11/turn              (no ring)

@: brilliant, tree-form, very slightly contaminated, invisible
A: magic shield
a: no special abilities


You were on level 3 of the Dungeon.
You were not hungry.
You were a tree.
You visited 1 branch of the dungeon, and saw 3 of its levels.

You collected 72 gold pieces.

Inventory:

Hand Weapons
 j - a +1 dagger of venom
 l - a +4 quarterstaff of chaos (weapon)
 q - a +2 short sword of electrocution
 r - a +1 long sword of holy wrath
Missiles
 g - 4 javelins (quivered)
Armour
 a - a +0 robe (melded)
 b - a +0 hat (melded)
 m - a +0 cloak (melded)
 o - a +0 buckler
Wands
 p - a wand of flame (25)
Potions
 e - a potion of invisibility
 i - a potion of brilliance
Books
 c - a book of Minor Magic

   Spells                             Type                      Level
   a - Magic Dart                     Conjuration                  1
   b - Blink                          Translocation                2
   c - Call Imp                       Summoning                    2
   d - Slow                           Hexes                        2
   e - Conjure Flame                  Conjuration/Fire             3
   f - Mephitic Cloud                 Conjuration/Poison/Air       3
Comestibles
 d - 4 bread rations
 f - a meat ration
 h - a royal jelly
 n - 2 chunks of flesh


   Skills:
 - Level 1.7 Dodging
 - Level 1.7 Stealth
 - Level 3.0 Spellcasting
 - Level 4.2 Conjurations
   Level 1.0 Summonings
 - Level 0.8 Translocations
 + Level 1.1 Air Magic


You couldn't memorise any spells.
You knew the following spells:

 Your Spells              Type           Power        Failure   Level  Hunger
a - Magic Dart            Conj           ####         1%          1    None
b - Blink                 Tloc           N/A          1%          2    ##.....
c - Mephitic Cloud        Conj/Pois/Air  ####....     1%          3    ###....
d - Conjure Flame         Conj/Fire      ####....     1%          3    ###....


Dungeon Overview and Level Annotations

Branches:
Dungeon (3/15)

Altars:
Qazlal

Annotations:
D:3 Ijyb


Innate Abilities, Weirdness & Mutations

When hurt, damage is shared between your health and your magic reserves.


Message History

Ijyb is lightly wounded.
Ijyb hits you with an enchanted dagger.
You closely miss Ijyb.
Ijyb is lightly wounded.
Ijyb zaps a wand.
You are blasted!
* * * LOW HITPOINT WARNING * * *
It was a potion of invisibility.
You fade into invisibility!
Ijyb hits you with an enchanted dagger.
* * * LOW HITPOINT WARNING * * *
You are very lightly contaminated with residual magic.
It was a potion of brilliance.
You feel clever all of a sudden. The ball python barely misses you.
Ijyb hits you but does no damage. The ball python barely misses you.
It was a potion of lignification.
You turn into a tree.
Your +0 cloak melds into your body.
Your +0 hat melds into your body.
Your +0 robe melds into your body.
Your roots penetrate the ground.
Ijyb zaps a wand.
You are blasted!
You die...

..##..#### ### #####
#.##...#.# #.# #.#.#
#.##..#.#.#.#.#.#.#.
#.##...###.###.###.#
#.##..#.#.#.#.#.#.#.
#######.##...#.#.#.#.#.#.#
..
........†...##############
..##.####..##### ....
#..g♣S.### #.. #..###...#
#..####..# #...#
#........##....##
#................
####....###...###..##
........# #...#
####....###...###.
##.............#


You could see Ijyb and a ball python.

Vanquished Creatures
  Crazy Yiuf (D:2)
  An adder (D:3)
  A gnoll (D:1)
  An ooze (D:3)
  A worm (D:2)
  2 leopard geckos
  2 orcs (D:3)
  2 ball pythons (D:1)
  3 giant cockroaches
  10 goblins
  2 hobgoblins (D:1)
  4 jackals (D:1)
  5 bats
  3 frilled lizards
  7 kobolds
  4 rats
49 creatures vanquished.

Notes
Turn   | Place    | Note
-------+----------+-------------------------------------------
     0 | D:1      | Kaname the Demonspawn Wizard began the quest for the Orb.
     0 | D:1      | Reached XP level 1. HP: 13/13 MP: 4/4
   159 | D:1      | Reached skill level 2 in Conjurations
   196 | D:1      | Gained mutation: When hurt, damage is shared between your health and your magic reserves. [demonic ancestry]
   196 | D:1      | Reached XP level 2. HP: 19/19 MP: 4/6
   685 | D:1      | Reached skill level 3 in Conjurations
   685 | D:1      | Reached XP level 3. HP: 20/24 MP: 0/7
   733 | D:1      | Learned a level 2 spell: Blink
   737 | D:1      | Learned a level 3 spell: Mephitic Cloud
  1112 | D:2      | Found a stormy altar of Qazlal.
  1357 | D:2      | Found a runed door.
  1647 | D:2      | Noticed Crazy Yiuf
  1653 | D:2      | Killed Crazy Yiuf
  1653 | D:2      | Reached skill level 4 in Conjurations
  1653 | D:2      | Reached XP level 4. HP: 30/30 MP: 4/8
  1658 | D:2      | Learned a level 3 spell: Conjure Flame
  1831 | D:3      | Reached skill level 1 in Air Magic
  1837 | D:3      | Noticed Ijyb
  1871 | D:3      | Blown up by Ijyb

Vault maps used:
D:1:      minmay_arrival_shattered_statue, minmay_cupped
D:2:      lemuel_coloured_pillars_altar, first_bread, uniq_crazy_yiuf_cottage
D:3:      gup_sewer_entry_pipe, st_stairs_14, roderic_roman_lattice,
          minmay_misc_feat_cross, uniq_ijyb

Skill      XL: |  1  2  3  4 |
---------------+-------------+-----
Conjurations   | 2 3 4 |  4.2
Air Magic      | 1 |  1.1
Dodging        | |  1.7
Stealth        | |  1.7
Spellcasting   | |  3.0
Summonings     | |  1.0
Translocations | |  0.8

Action                   |  1- 3 |  4- 6 || total
-------------------------+-------+-------++-------
Melee: Unarmed           |     7 |       ||     7
       Dagger            |    40 |       ||    40
       Short sword       |    13 |       ||    13
       Quarterstaff      |       |    18 ||    18
 Cast: Magic Dart        |    79 |     9 ||    88
  Use: Potion            |       |     3 ||     3
 Stab: Sleeping          |       |     1 ||     1
  Eat: Chunk             |     1 |     2 ||     3
Armor: Robe              |    12 |     5 ||    17
Dodge: Dodged            |    42 |     9 ||    51

Table legend:
 A = Spawn XP
 B = Non-spawn XP
 C = Spawn XP percentage of total XP
 D = Spawn monster count
 E = Non-spawn monster count
 F = Spawn count percentage of total count
 G = Total turns spent on level
                    A         B        C        D         E        F      G
               +---------+---------+-------+---------+---------+-------+---------
         Total |       0 |     156 |   0.0 |       0 |      49 |   0.0 |  1871
               +---------+---------+-------+---------+---------+-------+---------
           D:1 |       0 |      64 |   0.0 |       0 |      30 |   0.0 |  1079
           D:2 |       0 |      62 |   0.0 |       0 |      13 |   0.0 |   632
           D:3 |       0 |      30 |   0.0 |       0 |       6 |   0.0 |   160
               +---------+---------+-------+---------+---------+-------+---------
